 Dungeon Crawl Stone Soup version 0.27.1-3-gb3d3a73c9e (webtiles) character file.

Game seed: 8963437363046093183

5037 ABBCCCDDDD the Nimble (level 10, -12/48 HPs)
             Began as a Felid Venom Mage on Oct 13, 2021.
             Was a High Priest of Ru.
             Mangled by an azure jelly (34 damage)
             ... in an ice cave.
             The game lasted 00:57:15 (24897 turns).

ABBCCCDDDD the Nimble (Felid Venom Mage)           Turns: 24897, Time: 00:57:15

Health: -12/48     AC:  2    Str:  4    XL:     10   Next: 30%
Magic:  30/30      EV: 25    Int: 20    God:    Ru [*****.]
Gold:   483        SH:  0    Dex: 15    Spells: 14/23 levels left
                                        Lives:  0   Deaths: 2

rFire    . . .     SeeInvis +   (weapon unavailable)
rCold    . . .     Faith    .   (shield unavailable)
rNeg     . . .     Spirit   .   (armour unavailable)
rPois    .         Reflect  .   (helmet unavailable)
rElec    .         Harm     .   (cloak unavailable)
rCorr    .         Rampage  .   (gloves unavailable)
Will     +....                  (boots unavailable)
Stlth    ++++......             C - amulet of magic regeneration
HPRegen  0.16/turn              (ring unavailable)
MPRegen  0.47/turn              B - ring of magical power

@: quick
A: very small, claws 1, fangs 3, see invisible, clumsy 1, speed 1, shaggy fur 2,
missing a hand, hated by all, stealthy paws, no weapons or thrown items, no
armour, multi-lived
a: Renounce Religion, Draw Out Power, Power Leap, Apocalypse


You were in an ice cave.
You worshipped Ru.
Ru was extremely pleased with you.
You visited 2 branches of the dungeon, and saw 13 of its levels.
You also visited: Ossuary and Ice Cave.

You collected 483 gold pieces.

Inventory:

Jewellery
 b - a ring of poison resistance
 i - a +6 ring of strength
 l - a ring of resist corrosion
 z - an amulet of guardian spirit
 B - a ring of magical power (right paw)
 C - an amulet of magic regeneration (around neck)
Wands
 f - a wand of flame (68)
 q - a wand of digging (3)
 I - a wand of acid (8)
 J - a wand of paralysis (3)
Scrolls
 d - 2 scrolls of magic mapping
 g - a scroll of noise
 h - 5 scrolls of teleportation
 m - 4 scrolls of amnesia
 u - a scroll of enchant weapon {unknown}
 v - 5 scrolls of vulnerability {unknown}
 w - 4 scrolls of acquirement {unknown}
 y - a scroll of fog {unknown}
 F - a scroll of immolation {unknown}
Potions
 a - 6 potions of might
 c - 2 potions of haste {unknown}
 e - 7 potions of curing
 j - 2 potions of mutation {unknown}
 k - 4 potions of berserk rage {unknown}
 n - 3 potions of degeneration {unknown}
 o - 3 potions of brilliance {unknown}
 p - 3 potions of attraction {unknown}
 s - 3 potions of flight {unknown}
 t - a potion of experience {unknown}
 x - 4 potions of heal wounds {unknown}
 A - 2 potions of lignification {unknown}
 D - a potion of ambrosia {unknown}
 E - a potion of invisibility {unknown}
 H - a potion of cancellation {unknown}


   Skills:
 + Level 8.3 Fighting
 + Level 12.7 Dodging
 - Level 10.0 Stealth
 + Level 7.1 Spellcasting
 - Level 6.0 Conjurations
 - Level 1.1 Transmutations
 - Level 4.0 Fire Magic
 - Level 2.0 Air Magic
 - Level 4.0 Poison Magic
 + Level 7.6 Evocations


You had 14 spell levels left.
You knew the following spells:

 Your Spells              Type           Power      Damage    Failure   Level
a - Sting                 Tmut/Pois      68%        1d6       3%          1
b - Poisonous Vapours     Pois/Air       38%        N/A       4%          2
c - Mephitic Cloud        Conj/Pois/Air  23%        N/A       5%          3
d - Foxfire               Conj/Fire      100%       2x1d9     1%          1
e - Ensorcelled Hibernat  Hex/Ice        14%        N/A       14%         2

Your spell library contained the following spells:

 Spells                   Type           Power      Damage    Failure   Level
 Magic Dart               Conj           100%       1d8       1%          1
 Conjure Flame            Conj/Fire      27%        6-21      3%          3
 Spider Form              Tmut/Pois      8%         N/A       10%         3
 Inner Flame              Hex/Fire       15%        N/A       12%         3
 Olgreb's Toxic Radiance  Pois           23%        N/A       19%         4
 Fulminant Prism          Conj/Hex       9%         3d7       26%         4
 Iskenderun's Mystic Bla  Conj/Tloc      19%        2d6       26%         4
 Blade Hands              Tmut           5%         N/A       86%         5
 Lee's Rapid Deconstruct  Erth           3%         3d6*      95%         5
 Call Imp                 Summ           Unusable   N/A       N/A         2
 Portal Projectile        Hex/Tloc       Unusable   N/A       N/A         3
 Excruciating Wounds      Necr           Unusable   N/A       N/A         5
 Shadow Creatures         Summ           Unusable   N/A       N/A         6

Dungeon Overview and Level Annotations

Branches:
Dungeon (12/15)            Temple (0/1) D:5            Lair (1/6) D:10
Ossuary (visited)           IceCv (1/1)
    Orc: D:9-12

Altars:
Dithmenos
Fedhas
Kikubaaqudgha
Qazlal
Ru
Uskayaw
Vehumet
Yredelemnul
The Shining One

Shops:
D:3 (   D:4 *   D:10 =

Annotations:
D:4 exclusion: 2 doors
D:10 exclusions: 4 doors and 1 more exclusion
D:11 exclusion: door, Fannar
Lair:1 exclusion: oklob plant, Joseph IceCv exclusion: ice statue


Innate Abilities, Weirdness & Mutations

You have sharp claws.
You have razor-sharp teeth.
You have supernaturally acute eyesight. (SInv)
You are clumsy. (Dex -2)
You cover ground quickly. (Speed+)
You are covered in thick fur. (AC +2)
You are missing a hand.
You are hated by all.
Your paws help you pounce on unaware monsters.
You are incapable of wielding weapons or throwing items.
You cannot wear armour.
You gain extra lives every three experience levels.


Message History

Press: ? - help, Dir - move target
As you read the scroll of blinking, it crumbles to dust.
The slime creature quivers.
The slime creature hits you! The slime creature misses you.
An azure jelly comes into view.
Found a viscous altar of Jiyva.
As you read the scroll of fear, it crumbles to dust.
You assume a fearsome visage.
The slime creature looks frightened!
The azure jelly looks frightened!
Found a book of Beasts and 21 gold pieces.
Found 21 stones and 9 gold pieces.
Found 17 stones, the +4 hand axe of the Sun {freeze, Str+2} and an onyx ring.
The azure jelly quivers.
The azure jelly seems to regain its courage.
Press: ? - help, v - describe, . - travel, g - get item Item here: an onyx ring.
The floor.
Okay, then.
Unknown command.
Okay, then.
Unknown command.
Okay, then.
Okay, then.
Okay, then.
As you read the scroll of teleportation, it crumbles to dust.
You feel strangely unstable.
The azure jelly hits you but does no damage. x2
The azure jelly barely misses you.
The azure jelly hits you but does no damage.
You see here a ring of resist corrosion.
l - a ring of resist corrosion The azure jelly completely misses you.
The azure jelly closely misses you. The azure jelly hits you.
The azure jelly completely misses you.
Your surroundings seem slightly different.
You see here 17 stones.
You see here 21 stones.
The azure jelly hits you! The azure jelly freezes you!!
Ouch! That really hurt!
You die...

#..#....#....##J......#
#..##...#....#...#.#...#
##..#...##..##.........#
#..##...##.##..#._.#..#
##..##..#####.........#
#...##..# #..J.#....#
##......# ##.......#
#......# ##.....##
#......# #@...$#
##.....# #(J..$# ##...##
##(ยง.## ##### #####


You could see an azure jelly and a slime creature.

Levels and vault maps discovered:
D:1:      kb_arrival_jail, layout_basic
D:2:      layout_basic, st_stairs_8, roderic_roman_lattice
D:3:      layout_basic, ebering_ecumenical_altar_petrified, serial_shops, shop,
          grunt_decor_resistance, uniq_natasha
D:4:      layout_gridville, nicolae_ru_sacrificial_ziggurat,
          overflow_temple_1_default, nicolae_uskayaw_murder_on_the_dancefloor,
          nicolae_vehumet_radiance, guppyfry_shop_venom
D:5:      layout_basic, nicolae_qazlal_general_emergency, temple_statues
D:6:      layout_basic, gammafunk_temple_overflow_pools,
          chequers_ossuary_entry_cave
D:7:      layout_cave_pools, uniq_duvessa
D:8:      layout_rooms, lemuel_crystal_altar, glass_columns_a,
          due_unseen_surprise
D:9:      layout_rooms, fedhas_bush_and_centaur_altar,
          amcnicky_mini_rare_corridor_liquid
D:10:     layout_gridville, lair_entry_dummy, kennysheep_windowed_goal
D:11:     layout_grid_maze, uniq_fannar
D:12:     layout_cave_pools, orc_david_3, serial_park, serial_park_square2,
          serial_park_gazebo [serial_park_minivault_5x5_1], serial_park_tiny_1,
          serial_park_tiny_1, serial_park_tiny_1
Lair:1:   layout_chaotic_city, portal_ice_cave_entry_pillars_1,
          nicolae_lair_grove_arrangements, cheibrodos_lair_caveside_slide,
          minmay_lair_oklob_chamber, grunt_megastairs_1, uniq_urug, uniq_joseph
IceCv:    ice_cave_hellmonk_azure_passage

Notes
Turn   | Place    | Note
-------+----------+-------------------------------------------
     0 | D:1      | ABBCCCDDDD the Felid Venom Mage began the quest for the
                  | Orb.
     0 | D:1      | Reached XP level 1. HP: 7/7 MP: 4/4
     2 | D:1      | Noticed a merfolk
     2 | D:1      | Noticed a dwarf
     4 | D:1      | Noticed a gargoyle
     4 | D:1      | Noticed a djinni
     6 | D:1      | Noticed a human
     8 | D:1      | Noticed an octopode
     8 | D:1      | Noticed a demigod
    10 | D:1      | Noticed a demonspawn
    10 | D:1      | Noticed a spriggan
    12 | D:1      | Noticed a felid
    12 | D:1      | Noticed a draconian
    14 | D:1      | Noticed a naga
    14 | D:1      | Noticed a tengu
    16 | D:1      | Noticed a formicid
    18 | D:1      | Noticed a troll
    18 | D:1      | Noticed a barachi
    20 | D:1      | Noticed an ogre
    20 | D:1      | Noticed a ghoul
    22 | D:1      | Noticed a minotaur
    22 | D:1      | Noticed a palentonga
    24 | D:1      | Noticed a vine stalker
    24 | D:1      | Noticed an elf
    26 | D:1      | Noticed a vampire
   309 | D:1      | Reached skill level 3 in Dodging
   309 | D:1      | Reached XP level 2. HP: 11/11 MP: 0/6
   844 | D:1      | Reached XP level 3. HP: 14/14 MP: 5/7
   847 | D:1      | Learned a level 2 spell: Poisonous Vapours
  2216 | D:2      | Reached XP level 4. HP: 18/18 MP: 2/8
  2663 | D:2      | Reached skill level 4 in Dodging
  2663 | D:2      | Reached skill level 1 in Air Magic
  3352 | D:3      | Reached XP level 5. HP: 16/21 MP: 3/9
  3456 | D:3      | Found Ixihun's Antique Weapon Emporium.
  3635 | D:3      | Noticed an ice beast
  4053 | D:3      | Noticed Natasha
  4061 | D:3      | Killed Natasha
  4264 | D:4      | Found Icridy's Serpentskin Sales.
  4264 | D:4      | Noticed a water moccasin
  4501 | D:4      | Found a radiant altar of Vehumet.
  4610 | D:3      | Reached skill level 1 in Evocations
  5107 | D:4      | Reached skill level 1 in Fighting
  5115 | D:4      | Learned a level 3 spell: Mephitic Cloud
  5117 | D:4      | Learned a level 1 spell: Foxfire
  5190 | D:4      | Found a hide-covered altar of Uskayaw.
  5328 | D:4      | Found an ancient bone altar of Kikubaaqudgha.
  5340 | D:4      | Noticed a black bear
  5476 | D:4      | Killed a black bear
  5477 | D:4      | Reached skill level 5 in Stealth
  5477 | D:4      | Gained mutation: You are covered in thick fur. (AC +2)
                  | [Felid growth]
  5477 | D:4      | Reached XP level 6. HP: 25/25 MP: 1/10
  5569 | D:4      | Found a sacrificial altar of Ru.
  5617 | D:4      | Became a worshipper of Ru the Awakened
  5927 | D:5      | Entered Level 5 of the Dungeon
  6115 | D:5      | Found a stormy altar of Qazlal.
  6274 | D:5      | Reached skill level 5 in Dodging
  6274 | D:5      | Reached skill level 1 in Conjurations
  6274 | D:5      | Reached skill level 1 in Fire Magic
  6274 | D:5      | Reached XP level 7. HP: 28/28 MP: 4/11
  6438 | D:5      | Found a staircase to the Ecumenical Temple.
  7410 | D:6      | Found a sand-covered staircase.
  7417 | Ossuary  | Entered an ossuary
  8661 | Ossuary  | Gained mutation: You are missing a hand. [Ru sacrifice]
  8661 | Ossuary  | Reached * piety under Ru
  8661 | Ossuary  | Reached ** piety under Ru
  8661 | Ossuary  | Reached *** piety under Ru
 10329 | D:6      | Found a basalt altar of Yredelemnul.
 10338 | D:6      | Found a shadowy altar of Dithmenos.
 10605 | D:6      | Reached XP level 8. HP: 34/34 MP: 4/14
 10707 | D:6      | Identified the +3 ring mail of Fortitude {Int+3}
 11221 | D:7      | Noticed Duvessa
 11221 | D:7      | Noticed Dowan
 12355 | D:6      | Killed Duvessa
 12656 | D:6      | Killed Dowan
 13222 | D:7      | Noticed a two-headed ogre
 13323 | D:7      | Killed a two-headed ogre
 13324 | D:7      | Reached skill level 5 in Evocations
 13324 | D:7      | Reached XP level 9. HP: 40/40 MP: 0/16
 13904 | D:7      | Reached skill level 5 in Fighting
 14008 | D:8      | Noticed a two-headed ogre
 14054 | D:8      | Found a glowing golden altar of the Shining One.
 14124 | D:8      | Noticed a two-headed ogre
 14157 | D:8      | Noticed a troll
 14188 | D:8      | Killed a two-headed ogre
 14430 | D:8      | Killed a two-headed ogre
 14431 | D:8      | Reached skill level 5 in Spellcasting
 14431 | D:8      | Reached skill level 5 in Conjurations
 14642 | D:8      | Killed a troll
 14643 | D:8      | Reached XP level 10. HP: 11/44 MP: 1/19
 15383 | D:9      | Gained mutation: You are hated by all. [Ru sacrifice]
 15383 | D:9      | Reached **** piety under Ru
 15383 | D:9      | Reached ***** piety under Ru
 16396 | D:9      | Reached skill level 6 in Dodging
 16793 | D:8      | Reached skill level 7 in Dodging
 17314 | D:8      | Reached skill level 8 in Dodging
 17400 | D:8      | Learned a level 2 spell: Ensorcelled Hibernation
 17538 | D:9      | Noticed a two-headed ogre
 17573 | D:9      | Killed a two-headed ogre
 17661 | D:9      | Reached skill level 9 in Dodging
 18132 | D:10     | Entered Level 10 of the Dungeon
 18134 | D:10     | Found Witufeam's Jewellery Boutique.
 18595 | D:10     | Found a staircase to the Lair.
 18661 | D:10     | Reached XP level 11. HP: 44/51 MP: 15/21
 19117 | D:11     | Reached skill level 10 in Dodging
 19535 | D:11     | Noticed Fannar
 20069 | D:11     | Noticed a two-headed ogre
 20069 | D:11     | Noticed a red ugly thing
 20117 | D:11     | Killed a two-headed ogre
 20118 | D:11     | Reached skill level 11 in Dodging
 20350 | D:11     | Killed a red ugly thing
 20863 | D:12     | Reached skill level 12 in Dodging
 21100 | D:12     | Noticed a centaur warrior
 21230 | Lair:1   | Entered Level 1 of the Lair of Beasts
 21230 | Lair:1   | Noticed a five-headed hydra
 21235 | Lair:1   | Killed a five-headed hydra
 21244 | Lair:1   | Gained mutation: You are clumsy. (Dex -2) [Ru sacrifice]
 21524 | Lair:1   | Noticed Joseph
 21583 | Lair:1   | Noticed an oklob plant
 21606 | Lair:1   | Found a frozen archway.
 21615 | IceCv    | Entered an ice cave
 21676 | IceCv    | Demolished by an entropy weaver simulacrum
 21677 | IceCv    | Reached XP level 10. HP: -20/48 MP: 0/20
 22075 | IceCv    | Reached XP level 11. HP: 51/51 MP: 11/22
 24543 | IceCv    | Noticed a quicksilver ooze
 24548 | IceCv    | Killed a quicksilver ooze
 24644 | IceCv    | Reached skill level 10 in Stealth
 24781 | IceCv    | Noticed an azure jelly
 24820 | IceCv    | Annihilated by an azure jelly
 24821 | IceCv    | Reached XP level 10. HP: -30/48 MP: 30/30
 24875 | IceCv    | Noticed an azure jelly
 24897 | IceCv    | Mangled by an azure jelly

Table legend: (Time is in decaauts)
 A = Elapsed time spent in this place.
 B = Non-inter-level travel time spent in this place.
 C = Inter-level travel time spent in this place.
 D = Time resting spent in this place.
 E = Time spent auto-exploring this place.
 F = Levels seen in this place.
 G = Mean time per level.
                   A        B        C        D        E       F      G
               +--------+--------+--------+--------+--------+-----+--------+
         Total |  23181 |  22552 |    629 |  12811 |   5270 |  15 | 1545.4 |
       Dungeon |  17617 |  17003 |    614 |   8951 |   4922 |  12 | 1468.1 |
          Lair |    343 |    329 |     14 |     56 |     94 |   1 |  343.0 |
       Ossuary |   2051 |   2051 |      0 |   1555 |    179 |   1 | 2051.0 |
      Ice Cave |   3169 |   3169 |      0 |   2249 |     75 |   1 | 3169.0 |
               +--------+--------+--------+--------+--------+-----+--------+

Top non-repeatable levels by time:
   IceCv: 3169 daAuts
     D:8: 2575 daAuts
     D:6: 2338 daAuts
 Ossuary: 2051 daAuts
     D:2: 1861 daAuts
     D:5: 1604 daAuts
     D:4: 1588 daAuts
    D:11: 1417 daAuts
     D:9: 1415 daAuts
     D:1: 1180 daAuts
     D:3: 1112 daAuts
    D:10: 1095 daAuts
     D:7: 1091 daAuts
  Lair:1: 343 daAuts
    D:12: 336 daAuts

Table legend:
 A = Kills in this place as a percentage of kills in entire the game.
 B = Kills by you in this place as a percentage of kills by you in the entire game.
 C = Kills by friends in this place as a percentage of kills by friends in the entire game.
 D = Other kills in this place as a percentage of other kills in the entire game.
 E = Experience gained in this place as a percentage of experience gained in the entire game.
 F = Experience gained in this place divided by the number of levels of this place that you have seen.
                   A       B       C       D       E      F
               +-------+-------+-------+-------+-------+----------------------
         Total | 100.0 | 100.0 |   N/A |   N/A | 100.0 | 1561.1
       Dungeon |  78.6 |  78.6 |   N/A |   N/A |  65.5 | 1277.9
          Lair |   2.1 |   2.1 |   N/A |   N/A |  10.0 | 2330.0
       Ossuary |  13.0 |  13.0 |   N/A |   N/A |   1.0 | 236.0
      Ice Cave |   6.3 |   6.3 |   N/A |   N/A |  23.6 | 5516.0
               +-------+-------+-------+-------+-------+----------------------

Action                   |  1- 3 |  4- 6 |  7- 9 | 10-12 || total
-------------------------+-------+-------+-------+-------++-------
Melee: Unarmed           |    26 |    74 |    56 |    29 ||   185
       Bite              |     2 |     6 |     7 |     2 ||    17
 Cast: Sting             |    50 |    58 |    40 |    26 ||   174
       Poisonous Vapours |     5 |    44 |    42 |    70 ||   161
       Foxfire           |       |       |   275 |   703 ||   978
       Mephitic Cloud    |       |       |     2 |     5 ||     7
Invok: Sacrifice a Hand  |       |       |     1 |       ||     1
       Power Leap        |       |       |       |     1 ||     1
       Sacrifice Love    |       |       |       |     1 ||     1
       Sacrifice Purity  |       |       |       |     1 ||     1
Evoke: Wand              |       |       |     1 |    19 ||    20
  Use: Scroll            |       |     4 |     5 |     6 ||    15
 Stab: Sleeping          |       |     4 |     3 |       ||     7
       Confused          |       |       |     2 |       ||     2
       Paralysed         |       |       |       |     5 ||     5
Armor: Skin              |     1 |     6 |     3 |    10 ||    20
Dodge: Dodged            |    31 |    77 |   106 |   155 ||   369

Vanquished Creatures
  A quicksilver ooze (IceCv)
  A hydra (Lair:1)
  5 two-headed ogres
  An ugly thing (D:11)
  A manticore (D:11)
  A black mamba (Lair:1)
  An ice statue (IceCv)
  4 unseen horrors
  A rime drake (Lair:1)
  A komodo dragon (Lair:1)
  A kobold demonologist (D:9)
  6 entropy weaver simulacra (IceCv)
  A troll (D:8)
  A hornet (D:10)
  4 slime creatures (IceCv)
  A shadow (D:10)
  A wyvern (D:11)
  6 yaks
  3 wraiths
  A demonic crawler simulacrum (IceCv)
  Duvessa (D:6)
  A sky beast (D:7)
  3 water moccasins
  2 orc warriors
  An ice beast (D:7)
  2 black bears
  An ugly thing simulacrum (IceCv)
  A necrophage (D:6)
  2 ogres (D:5)
  5 centaurs
  A kobold brigand (D:8)
  A bullfrog (D:9)
  A glowing shapeshifter simulacrum (IceCv)
  2 wyvern zombies
  A wyvern skeleton (D:5)
  Dowan (D:6)
  16 killer bees
  13 wights
  6 howler monkeys
  A bullfrog zombie (D:6)
  A jelly (D:6)
  5 orc priests
  A hound (D:6)
  Natasha (D:3)
  3 orc wizards
  A killer bee zombie (D:8)
  12 mummies (Ossuary)
  2 howler monkey zombies
  A gnoll (D:1)
  11 adders
  A white imp (D:6)
  An adder skeleton (D:4)
  A worm (D:2)
  2 dart slugs
  22 orcs
  7 ball pythons
  2 endoplasms
  4 giant cockroaches
  8 goblins
  3 hobgoblins (D:1)
  10 kobolds
  3 quokkas
  4 bats
  A frilled lizard (D:1)
  2 gnoll skeletons (Ossuary)
  4 goblin skeletons (Ossuary)
  A kobold skeleton (Ossuary)
  An orc skeleton (Ossuary)
  8 rats
  11 rat skeletons (Ossuary)
238 creatures vanquished.

Vanquished Creatures (others)
  2 entropy weaver simulacra (IceCv)
  A demonic crawler simulacrum (IceCv)
  3 glowing shapeshifter simulacra (IceCv)
  1660 foxfires
  A fungus (Lair:1)
  4 plants (Lair:1)
  3 withered plants (D:3)
1674 creatures vanquished.

Grand Total: 1912 creatures vanquished
